Map: Kairos Junction LE

Players

BratOK (Brat_OK) - Winner!

  • Race: Terran Terran
  • Spawn Location: 5:00

Snute

  • Race: Zerg Zerg
  • Spawn Location: 11:00

Event: IEM Season 13: Katowice (2019)

VOD

Have the link to the VOD?

Description

Time

  • Played on: Feb. 25, 2019, 5:04 a.m.
  • Length: 6:42

All games in this series

Show
View Real Time Build Order
Export as new Build Order

BratOK Terran - Winner!

Build Orders: Gas First Reaper Expand, Hellion Banshee 

Get SALT Encoding   

  12  0:00  SCV  
  13  0:12  SCV  
  14  0:17  Supply Depot  
  14  0:24  SCV  
  14  0:27  Refinery  
  15  0:38  SCV  
  16  0:43  Barracks  
  16  0:50  SCV  
  17  1:02  SCV  
  18  1:15  SCV  
  19  1:30  Reaper, Orbital Command  
  20  1:41  Command Center  
  20  1:53  Factory  
  20  1:56  SCV  
  21  2:04  Refinery  
  21  2:08  SCV  
  21  2:10  Barracks Reactor  
  21  2:25  SCV  
  21  2:26  Supply Depot  
  22  2:39  Starport  
  22  2:40  SCV  
  23  2:50  Hellion x2  
  27  2:53  SCV  
  27  2:57  Orbital Command  
  28  3:03  Barracks Tech Lab  
  28  3:05  SCV  
  29  3:11  Hellion  
  31  3:17  Hellion  
  31  3:19  SCV  
  34  3:27  Banshee  
  34  3:30  Cloaking Field  
  37  3:42  Supply Depot, Hellion  
  37  3:44  Hellion  
  40  3:52  Marine  
  41  3:56  Armory  
  41  3:57  SCV x2  
  43  4:08  Hellion x2  
  47  4:10  Banshee  
  50  4:17  Supply Depot  
  50  4:19  SCV  
  50  4:20  SCV  
  52  4:29  Hellion  
  54  4:39  Hellion, SCV, Marine  
  54  4:43  SCV  
  59  4:54  Command Center  
  59  4:59  SCV  
  60  5:04  Supply Depot  
  60  5:12  SCV  
  61  5:25  Banshee  
  61  5:26  Hellion x2  
  66  5:29  SCV  
  63  5:37  SCV  
  63  5:41  SCV  
  63  5:45  Factory x2  
  63  5:50  Hellion x2  
  65  6:08  SCV x2  
  64  6:12  Hellion x2  
  63  6:20  Refinery, SCV  
  63  6:30  Factory Tech Lab  
Show
View Real Time Build Order
Export as new Build Order

Snute Zerg 

Build Orders: Pool First 

Get SALT Encoding   

  12  0:00  Drone  
  13  0:12  Overlord  
  13  0:16  Drone  
  14  0:30  Drone x2  
  14  0:34  Drone  
  17  0:44  Spawning Pool  
  17  0:48  Drone  
  17  1:08  Hatchery  
  17  1:10  Drone  
  17  1:14  Drone  
  18  1:18  Extractor  
  17  1:31  Queen, Zergling x4  
  21  1:38  Overlord  
  21  1:49  Drone  
  22  2:02  Drone  
  22  2:07  Queen  
  25  2:11  Drone  
  26  2:20  Metabolic Boost  
  26  2:22  Queen  
  26  2:25  Drone x2  
  30  2:32  Drone x2  
  32  2:38  Overlord  
  32  2:39  Drone  
  32  2:41  Drone  
  32  2:43  Drone  
  35  2:46  Drone  
  36  2:56  Drone  
  36  2:57  Drone  
  38  3:05  Hatchery  
  38  3:06  Drone  
  38  3:08  Drone  
  38  3:12  Drone x2  
  41  3:15  Drone  
  41  3:17  Overlord  
  41  3:19  Drone  
  43  3:21  Drone  
  44  3:37  Drone x5  
  44  3:39  Drone  
  50  3:43  Spore Crawler  
  50  3:46  Drone x2  
  51  3:49  Drone x2  
  51  3:50  Overlord  
  51  3:55  Extractor  
  51  3:58  Overlord  
  51  4:00  Roach Warren  
  51  4:01  Extractor, Overlord  
  49  4:04  Lair  
  49  4:06  Drone x3  
  52  4:11  Drone  
  52  4:13  Drone  
  52  4:14  Extractor  
  53  4:19  Overlord  
  53  4:23  Queen  
  55  4:24  Zergling x2  
  55  4:25  Zergling x8  
  60  4:33  Overlord, Drone  
  60  4:34  Drone  
  60  4:37  Overlord  
  62  4:41  Spore Crawler  
  62  4:42  Spore Crawler  
  62  4:45  Queen  
  62  4:48  Roach  
  62  4:49  Roach  
  62  4:52  Spore Crawler  
  65  4:55  Drone x2  
  65  4:56  Drone  
  68  5:08  Roach x3  
  68  5:09  Nydus Network  
  68  5:12  Overseer  
  71  5:15  Queen  
  71  5:20  Roach x2  
  70  5:22  Roach  
  70  5:26  Roach  
  67  5:32  Queen  
  53  5:43  Zergling x10  
  53  5:49  Zergling x2  
  50  5:56  Roach x3  
  55  6:03  Zergling x8  
  50  6:13  Zergling x6  
  52  6:22  Zergling x2  
  52  6:23  Zergling x4  

Tags
 
Add a new tag
Caveats
  • Supply blocks, unpowered buildings, or Contaminate may cause inaccurate times.
  • Supply counts are checked every 10 seconds.